 Dungeon Crawl Stone Soup version 0.19.5 (webtiles) character file.

65 devil0150 the Magician (level 3, -4/21 HPs)
             Began as a High Elf Wizard on Apr 9, 2017.
             Slain by a worm (11 damage)
             ... on level 3 of the Dungeon.
             The game lasted 00:08:17 (2081 turns).

devil0150 the Magician (High Elf Wizard)            Turns: 2081, Time: 00:08:17

Health: -4/21      AC:  2    Str:  6    XL:     3   Next: 94%
Magic:  7/10       EV: 13    Int: 22    God:
Gold:   63         SH:  0    Dex: 14    Spells: 5 memorised, 0 levels left

rFire  . . .     SeeInvis .     k - +0 short sword (freeze)
rCold  . . .     Gourm    .     a - +0 robe
rNeg   . . .     Faith    .     (no shield)
rPois  .         Spirit   .     b - +0 hat
rElec  .         Reflect  .     (no cloak)
rCorr  .         Harm     .     (no gloves)
MR     .....                    (no boots)
Stlth  ++........               n - amulet of magic regeneration
                                (no ring)
                                (no ring)

@: no status effects
A: no striking features
a: no special abilities


You were on level 3 of the Dungeon.
You were not hungry.

You visited 1 branch of the dungeon, and saw 3 of its levels.

You collected 63 gold pieces.

Inventory:

Hand Weapons
 e - a +0 dagger
 h - a +0 spear
 k - a +0 short sword of freezing (weapon)
Missiles
 m - 17 bolts
Armour
 a - a +0 robe (worn)
 b - a +0 hat (worn)
 o - a +0 shield
Jewellery
 n - an amulet of magic regeneration (around neck)
Scrolls
 i - 2 scrolls of amnesia
 j - 2 scrolls of fear
Potions
 l - 2 potions of magic
 p - a potion of haste
Books
 c - a book of Minor Magic

   Spells                             Type                      Level
   a - Magic Dart                     Conjuration                  1
   b - Blink                          Translocation                2
   c - Call Imp                       Summoning                    2
   d - Repel Missiles                 Charms/Air                   2
   e - Slow                           Hexes                        2
   f - Conjure Flame                  Conjuration/Fire             3
   g - Mephitic Cloud                 Conjuration/Poison/Air       3
Comestibles
 d - a bread ration
 f - 3 chunks of flesh
 g - a meat ration


   Skills:
 + Level 0.2 Short Blades
 + Level 2.6 Dodging
 + Level 2.2 Stealth
 + Level 4.7 Spellcasting
 + Level 2.2 Conjurations
 + Level 0.8 Summonings
 + Level 1.1 Translocations


You couldn't memorise any spells.
You knew the following spells:

 Your Spells              Type           Power        Failure   Level  Hunger
a - Magic Dart            Conj           ###.         6%          1    None
b - Blink                 Tloc           N/A          12%         2    None
c - Call Imp              Summ           #.......     12%         2    None
d - Mephitic Cloud        Conj/Pois/Air  #.......     28%         3    ##.....
e - Conjure Flame         Conj/Fire      ##......     21%         3    ##.....


Dungeon Overview and Level Annotations

Branches:
Dungeon (3/15)

Altars:


Message History

Press: ? - help, Shift-Dir - straight line, f/p - worm
Aim: a worm (lightly wounded)
The magic dart hits the worm.
The worm is lightly wounded.
You hit the worm. You freeze the worm.
The worm is moderately wounded.
The worm bites you!
You hit the worm. You freeze the worm.
The worm is moderately wounded.
The worm bites you!
You hit the worm. You freeze the worm.
The worm is moderately wounded.
You hit the worm. You freeze the worm.
The worm is severely wounded.
The worm barely misses you.
You hit the worm. You freeze the worm.
The worm is almost dead.
The worm bites you!
Ouch! That really hurt!
You die...

.....##.#
.....##.#
........ #...##.#
#...##.# ## #
#... #.# ..
#..##.###.##.####
#....@w†.........
#.....###.##.##..
#........ #.#
#######.#.#.#
#...#w# ....#r#
##..#.# ####
#.#.####.##
.(...#.#).......


You could see a worm.

Vanquished Creatures
  An adder (D:2)
  An ooze (D:2)
  A worm (D:2)
  2 dart slugs
  A leopard gecko (D:1)
  5 bats
  6 goblins
  7 hobgoblins
  6 kobolds
  A quokka (D:2)
  4 frilled lizards
  9 rats
44 creatures vanquished.

Notes
Turn   | Place    | Note
-------+----------+-------------------------------------------
     0 | D:1      | devil0150 the High Elf Wizard began the quest for the Orb.
     0 | D:1      | Reached XP level 1. HP: 11/11 MP: 6/6
   286 | D:1      | Reached skill level 4 in Spellcasting
   307 | D:1      | Reached XP level 2. HP: 17/17 MP: 6/8
   979 | D:2      | Reached XP level 3. HP: 21/21 MP: 6/10
  1821 | D:3      | Learned a level 2 spell: Blink
  1824 | D:3      | Learned a level 2 spell: Call Imp
  1828 | D:3      | Learned a level 3 spell: Mephitic Cloud
  1832 | D:3      | Learned a level 3 spell: Conjure Flame
  2081 | D:3      | Slain by a worm

Skill      XL: |  1  2  3 |
---------------+----------+-----
Spellcasting   | 4 |  4.7
Conjurations   | 2 |  2.2
Short Blades   | |  0.2
Dodging        | |  2.6
Stealth        | |  2.2
Summonings     | |  0.8
Translocations | |  1.1

Action                   || total
-------------------------++-------
Melee: Short sword       ||    17
 Cast: Magic Dart        ||   109
       Conjure Flame     ||     2
  Use: Scroll            ||     7
  Eat: Chunk             ||     3
Armor: Robe              ||     4
Dodge: Dodged            ||    14
